Senators vs Wolfpack
Created - March 21, 2023 at 20:47
Goals
|
| Senators |
1 |
1 |
0 |
0 |
2 |
| Wolfpack |
0 |
0 |
2 |
1 |
3 |
|
Shots
|
| Senators |
13 |
8 |
10 |
0 |
31 |
| Wolfpack |
12 |
5 |
15 |
3 |
35 |
|
1st period
1. Senators , Zemgus Girgensons 10 (Jordan Schmaltz 28, Jacob De La Rose 25) at 2:07
Penalties :
Connor Chatam (Har) for Holding (Minor) at 8:41, Arttu Ruotsalainen (Bel) for Interference (Minor) at 19:32
2nd period
2. Senators , Grant Besse 10 (Zemgus Girgensons 13) at 2:09
Penalties :
Connor Chatam (Har) for Hooking (Minor) at 2:38, Mason Geertsen (Bel) for High sticking (Minor) at 6:54, Zemgus Girgensons (Bel) for Hooking (Minor) at 14:38
3rd period
3. Wolfpack , Seth Griffith 39 (Sebastian Collberg 40) at 0:10
4. Wolfpack , Dryden Hunt 3 (Steven Santini 24, Nolan Patrick 14) at 12:41 (SH)
Penalties :
Connor Chatam (Har) for Diving (Minor) at 11:34
Overtime #1
5. Wolfpack , Samuel Blais 35 (Derrick Pouliot 22) at 1:07
Penalties :
No Penalty
Goalie Stats
Garret Sparks (Bel), 32 saves from 35 shots - (0.914), OTL, 20-16-6, 61:07 minutes
Ivan Fedotov (Har), 29 saves from 31 shots - (0.935), W, 19-8-8, 61:07 minutes
Players Stats for Senators
Player Name G A P +/- PIM S H SB GA TA FO MP PP MP PK MP
------------------------------------------------------------------------------------
Arttu Ruotsalainen 0 0 0 0 2 0 0 0 0 0 0/0 10:55 0:00 0:00
Brendan Perlini 0 0 0 -1 0 2 0 1 0 1 1/2 15:58 0:11 1:35
C.J Suess 0 0 0 0 0 2 2 0 0 0 0/0 9:14 0:01 0:03
Christoph Bertschy 0 0 0 -1 0 2 2 2 0 1 15/37 21:52 3:31 3:27
Dmitry Sinitsyn 0 0 0 0 0 3 2 0 0 0 0/0 27:46 3:33 3:48
Grant Besse 1 0 1 1 0 2 2 0 0 0 0/0 17:19 2:25 0:00
Gustav Forsling 0 0 0 0 0 0 0 0 0 0 0/0 3:15 0:01 0:00
Jacob De La Rose 0 1 1 0 0 2 3 2 0 0 9/12 19:37 2:25 2:04
Johan Larsson 0 0 0 0 0 0 0 0 0 0 0/0 0:24 0:00 0:00
Jonas Siegenthaler 0 0 0 1 0 0 0 0 0 1 0/0 12:53 0:00 0:00
Jordan Schmaltz 0 1 1 0 0 1 1 1 0 0 0/0 25:13 3:33 3:48
Keegan Lowe 0 0 0 -2 0 1 0 0 1 0 0/0 20:44 2:24 2:09
Kevin Rooney 0 0 0 0 0 4 2 0 1 0 2/7 12:23 0:00 0:26
Mason Geertsen 0 0 0 1 2 0 1 1 0 1 0/0 13:03 0:00 0:00
Michael McCarron 0 0 0 0 0 0 0 0 0 0 1/3 6:07 0:00 0:00
Nikita Nesterov 0 0 0 -2 0 0 0 2 1 1 0/0 20:44 2:24 2:09
Oliver Bjorkstrand 0 0 0 -1 0 5 0 1 1 0 1/1 22:08 3:21 0:00
Vitaly Abramov 0 0 0 0 0 0 0 0 0 0 0/0 0:00 0:00 0:00
Zachary Sanford 0 0 0 -1 0 4 3 1 0 0 0/0 21:33 3:31 3:27
Zemgus Girgensons 1 1 2 1 2 3 1 1 0 0 0/0 17:20 2:25 0:52
Players Stats for Wolfpack
Player Name G A P +/- PIM S H SB GA TA FO MP PP MP PK MP
------------------------------------------------------------------------------------
Alexander Barabanov 0 0 0 -2 0 0 3 0 1 0 0/0 8:23 0:12 0:00
Casey Mittelstadt 0 0 0 1 0 0 3 0 0 0 4/11 17:03 2:31 1:42
Colton White 0 0 0 -2 0 0 0 1 0 1 0/0 13:37 0:00 0:00
Connor Chatam 0 0 0 0 6 3 1 0 1 0 0/0 15:32 2:31 0:00
David Pope 0 0 0 1 0 5 1 2 1 0 1/3 23:23 3:14 3:12
Derrick Pouliot 0 1 1 2 0 2 4 1 0 1 0/0 27:01 3:59 3:37
Dryden Hunt 1 0 1 1 0 3 4 0 0 0 0/0 13:02 0:12 1:03
Jake Marchment 0 0 0 -2 0 0 2 0 0 0 0/3 7:39 0:00 0:00
Linus Sandin 0 0 0 -2 0 3 1 0 0 1 0/0 7:39 0:00 0:00
Mikhail Sergachev 0 0 0 1 0 0 2 1 0 0 0/0 20:29 1:58 2:20
Nolan Patrick 0 1 1 1 0 1 1 0 0 0 5/6 12:18 0:00 1:03
Owen Tippet 0 0 0 0 0 0 2 0 0 0 0/0 11:32 0:12 0:00
Ryan Culkin 0 0 0 -2 0 0 1 1 0 0 0/0 13:37 0:00 0:00
Samuel Blais 1 0 1 1 0 6 2 0 0 1 0/0 17:03 2:31 1:42
Sebastian Collberg 0 1 1 1 0 3 1 3 0 0 1/4 19:17 3:14 0:00
Seth Griffith 1 0 1 1 0 4 0 0 0 0 22/35 23:23 3:14 3:12
Steven Santini 0 1 1 2 0 2 1 3 1 0 0/0 27:01 3:59 3:37
Vince Dunn 0 0 0 1 0 3 1 1 1 0 0/0 20:29 1:58 2:20
3 Stars
1 - Dryden Hunt (Har)
2 - Derrick Pouliot (Har)
3 - Samuel Blais (Har)
Power Play
Senators - 0 on 3 Attempt(s) - 0.00%
Wolfpack - 0 on 3 Attempt(s) - 0.00%
Penalty Kill
Senators - 3 on 3 Attempt(s) - 100.00%
- Score 0 goal in Penalty Kill
Wolfpack - 3 on 3 Attempt(s) - 100.00%
- Score 1 goal in Penalty Kill
Team Stat
Senators - Hits : 19 - Faceoff Wins : 29 - Blocked Shots : 12 - Penalty Minutes : 6
Wolfpack - Hits : 30 - Faceoff Wins : 33 - Blocked Shots : 13 - Penalty Minutes : 6
Official
Referees : Pierre Lambert and Wes McCauley
Linesman : Bevan Mills and Michel Cormier
Game Notes
10:09 of 3rd period - Wolfpack goal is going for a video replay. After video review, No Goal. The goalkeeper has been pushed into the net together with the puck after making a save.
Finance
Level 1 -- Attendance: 1918 (95.90%) -- Ticket Income $67,130
Level 2 -- Attendance: 1000 (100.00%) -- Ticket Income $15,000
Total Attendance: 2918 (97.27%)
Total Ticket Income: $82,130
Other Income: $4,106
Total Income: $86,236
Senators
5 vs 5 Forward
Center Left Wing Right Wing Time % Phy DF OF
1 Christoph Bertschy Zachary Sanford Oliver Bjorkstrand 40 1 2 2
2 Jacob De La Rose Zemgus Girgensons Grant Besse 30 1 2 2
3 Kevin Rooney Brendan Perlini Arttu Ruotsalainen 20 1 2 2
4 Michael McCarron C.J Suess Oliver Bjorkstrand 10 1 2 2
5 vs 5 Defense
Defense Defense Time % Phy DF OF
1 Dmitry Sinitsyn Jordan Schmaltz 40 1 2 2
2 Keegan Lowe Nikita Nesterov 30 1 2 2
3 Mason Geertsen Jonas Siegenthaler 20 1 2 2
4 Gustav Forsling Dmitry Sinitsyn 10 1 2 2
PowerPlay Forward
Center Left Wing Right Wing Time % Phy DF OF
1 Christoph Bertschy Zachary Sanford Oliver Bjorkstrand 60 1 1 3
2 Jacob De La Rose Zemgus Girgensons Grant Besse 40 1 1 3
PowerPlay Defense
Defense Defense Time % Phy DF OF
1 Dmitry Sinitsyn Jordan Schmaltz 60 1 1 3
2 Keegan Lowe Nikita Nesterov 40 1 1 3
Penalty Kill 4 Players Forward
Center Wing Time % Phy DF OF
1 Christoph Bertschy Zachary Sanford 60 1 2 2
2 Jacob De La Rose Zemgus Girgensons 40 1 2 2
Penalty Kill 4 Players Defense
Defense Defense Time % Phy DF OF
1 Dmitry Sinitsyn Jordan Schmaltz 60 1 2 2
2 Keegan Lowe Nikita Nesterov 40 1 2 2
Penalty Kill - 3 Players Forward
Forward Time % Phy DF OF
1 Christoph Bertschy 60 1 2 2
2 Jacob De La Rose 40 1 2 2
Penalty Kill - 3 Players Defense
Defense Defense Time % Phy DF OF
1 Dmitry Sinitsyn Jordan Schmaltz 60 1 2 2
2 Keegan Lowe Nikita Nesterov 40 1 2 2
4 vs 4 Forward
Center Wing Time % Phy DF OF
1 Christoph Bertschy Zachary Sanford 60 1 2 2
2 Jacob De La Rose Zemgus Girgensons 40 1 2 2
4 vs 4 Defense
Defense Defense Time % Phy DF OF
1 Dmitry Sinitsyn Jordan Schmaltz 60 1 2 2
2 Keegan Lowe Nikita Nesterov 40 1 2 2
Last Minutes Offensive
Center Left Wing Right Wing Defense Defense
Christoph Bertschy Zachary Sanford Oliver Bjorkstrand Dmitry Sinitsyn Jordan Schmaltz
Last Minutes Defensive
Center Left Wing Right Wing Defense Defense
Christoph Bertschy Zachary Sanford Oliver Bjorkstrand Dmitry Sinitsyn Jordan Schmaltz
Goaltenders
Starting : Garret Sparks
Backup : David Rittich
Extra Forwards
Normal : Jacob De La Rose, Brendan Perlini, C.J Suess - PP : Jacob De La Rose, Brendan Perlini - PK : Jacob De La Rose
Extra Defensemen
Normal : Mason Geertsen, Jonas Siegenthaler, Gustav Forsling - PP : Mason Geertsen - PK : Mason Geertsen, Jonas Siegenthaler
Penalty Shots
Zachary Sanford, Zemgus Girgensons, Oliver Bjorkstrand, Christoph Bertschy, Jacob De La Rose
Scratches
David Kase (Healthy), Joonas Lyytinen (Healthy), Tyler Pitlick (Sprained Left Knee Injury), Cliff Pu (Healthy), Michael Pezzetta (Healthy)
Bryce Kindopp (Healthy), Olle Eriksson Ek (Healthy), Scott Wedgewood (Healthy)
Wolfpack
5 vs 5 Forward
Center Left Wing Right Wing Time % Phy DF OF
1 Seth Griffith David Pope Sebastian Collberg 40 1 2 2
2 Casey Mittelstadt Samuel Blais Connor Chatam 30 1 2 2
3 Nolan Patrick Dryden Hunt Owen Tippet 20 1 2 2
4 Jake Marchment Alexander Barabanov Linus Sandin 10 1 2 2
5 vs 5 Defense
Defense Defense Time % Phy DF OF
1 Derrick Pouliot Steven Santini 40 1 2 2
2 Vince Dunn Mikhail Sergachev 30 1 2 2
3 Ryan Culkin Colton White 20 1 2 2
4 Derrick Pouliot Steven Santini 10 1 2 2
PowerPlay Forward
Center Left Wing Right Wing Time % Phy DF OF
1 Seth Griffith David Pope Sebastian Collberg 60 1 2 2
2 Casey Mittelstadt Samuel Blais Connor Chatam 40 1 2 2
PowerPlay Defense
Defense Defense Time % Phy DF OF
1 Derrick Pouliot Steven Santini 60 1 2 2
2 Vince Dunn Mikhail Sergachev 40 1 2 2
Penalty Kill 4 Players Forward
Center Wing Time % Phy DF OF
1 Seth Griffith David Pope 60 1 2 2
2 Casey Mittelstadt Samuel Blais 40 1 2 2
Penalty Kill 4 Players Defense
Defense Defense Time % Phy DF OF
1 Derrick Pouliot Steven Santini 60 1 2 2
2 Vince Dunn Mikhail Sergachev 40 1 2 2
Penalty Kill - 3 Players Forward
Forward Time % Phy DF OF
1 Seth Griffith 60 1 2 2
2 Casey Mittelstadt 40 1 2 2
Penalty Kill - 3 Players Defense
Defense Defense Time % Phy DF OF
1 Derrick Pouliot Steven Santini 60 1 2 2
2 Vince Dunn Mikhail Sergachev 40 1 2 2
4 vs 4 Forward
Center Wing Time % Phy DF OF
1 Seth Griffith David Pope 60 1 2 2
2 Casey Mittelstadt Samuel Blais 40 1 2 2
4 vs 4 Defense
Defense Defense Time % Phy DF OF
1 Derrick Pouliot Steven Santini 60 1 2 2
2 Vince Dunn Mikhail Sergachev 40 1 2 2
Last Minutes Offensive
Center Left Wing Right Wing Defense Defense
Seth Griffith David Pope Sebastian Collberg Derrick Pouliot Steven Santini
Last Minutes Defensive
Center Left Wing Right Wing Defense Defense
Seth Griffith David Pope Sebastian Collberg Derrick Pouliot Steven Santini
Goaltenders
Starting : Ivan Fedotov
Backup : Harru Sateri
Extra Forwards
Normal : Connor Chatam, Dryden Hunt, Alexander Barabanov - PP : Connor Chatam, Dryden Hunt - PK : Connor Chatam
Extra Defensemen
Normal : Mikhail Sergachev, Ryan Culkin, Colton White - PP : Mikhail Sergachev - PK : Mikhail Sergachev, Ryan Culkin
Penalty Shots
David Pope, Seth Griffith, Samuel Blais, Sebastian Collberg, Connor Chatam
Scratches
Ryan Poehling (Healthy), Mason Shaw (Healthy), Jacob Middleton (Healthy), Joel Kiviranta (Healthy), Dylan Samberg (Healthy)
Joshua Jacobs (Healthy), Cale Fleury (Healthy), Mikhail Vorobyev (Healthy), Will Borgen (Healthy), Alex Barre-Boulet (Separated Right Shoulder Injury)
Andrew Peeke (Healthy), Dante Fabbro (Healthy), Jeffrey Viel (Healthy), Yegor Korshkov (Healthy), Alexander Volkov (Healthy)
Jake Paterson (Healthy), Mike Condon (Healthy)
% Time on Ice - Senators
Lines # - Real PCT - Wanted PCT - Time Play
Normal Forward
1 - 32% - 40% - 15:19
2 - 33% - 30% - 15:44
3 - 23% - 20% - 10:56
4 - 13% - 10% - 6:07
Normal Defense
1 - 36% - 40% - 17:16
2 - 33% - 30% - 15:40
3 - 27% - 20% - 12:53
4 - 5% - 10% - 2:17
PP Forward
1 - 59% - 60% - 3:32
2 - 41% - 40% - 2:25
PP Defense
1 - 60% - 60% - 3:33
2 - 40% - 40% - 2:24
PK Forward
1 - 73% - 60% - 4:20
2 - 27% - 40% - 1:37
PK Defense
1 - 64% - 60% - 3:48
2 - 36% - 40% - 2:09
PK3 Forward
1 - 0% - 60%
2 - 0% - 40%
PK3 Defense
1 - 0% - 60%
2 - 0% - 40%
44 Forward
1 - 100% - 60% - 1:07
2 - 0% - 40% - 0:00
44 Defense
1 - 54% - 60% - 0:36
2 - 46% - 40% - 0:31
Last Minute Offensive - 0:00
Last Minute Defensive - 0:00
Total
Forward - 61:07
Defense - 61:07
|
% Time on Ice - Wolfpack
Lines # - Real PCT - Wanted PCT - Time Play
Normal Forward
1 - 35% - 40% - 16:55
2 - 26% - 30% - 12:20
3 - 23% - 20% - 11:12
4 - 16% - 10% - 7:39
Normal Defense
1 - 37% - 40% - 18:00
2 - 33% - 30% - 15:51
3 - 28% - 20% - 13:37
4 - 1% - 10% - 0:38
PP Forward
1 - 58% - 60% - 3:26
2 - 42% - 40% - 2:31
PP Defense
1 - 67% - 60% - 3:59
2 - 33% - 40% - 1:58
PK Forward
1 - 71% - 60% - 4:15
2 - 29% - 40% - 1:42
PK Defense
1 - 61% - 60% - 3:37
2 - 39% - 40% - 2:20
PK3 Forward
1 - 0% - 60%
2 - 0% - 40%
PK3 Defense
1 - 0% - 60%
2 - 0% - 40%
44 Forward
1 - 55% - 60% - 0:37
2 - 45% - 40% - 0:30
44 Defense
1 - 70% - 60% - 0:47
2 - 30% - 40% - 0:20
Last Minute Offensive - 0:00
Last Minute Defensive - 0:00
Total
Forward - 61:07
Defense - 61:07
|
Play-by-Play
1st period
0:01 of 1st period - David Pope wins face-off versus Christoph Bertschy in neutral zone.
0:09 of 1st period - Off-side.
0:10 of 1st period - Christoph Bertschy wins face-off versus Seth Griffith in neutral zone.
0:13 of 1st period - Snap shot by Oliver Bjorkstrand.
0:13 of 1st period - Stopped by Ivan Fedotov without a rebound.
0:14 of 1st period - Jacob De La Rose wins face-off versus Casey Mittelstadt in Wolfpack zone.
0:15 of 1st period - Wrist shot by Zemgus Girgensons.
0:15 of 1st period - Stopped by Ivan Fedotov with a rebound.
0:17 of 1st period - Wrist shot by Grant Besse.
0:17 of 1st period - Deflect By Jacob De La Rose.
0:17 of 1st period - Stopped by Ivan Fedotov without a rebound.
0:18 of 1st period - Casey Mittelstadt wins face-off versus Jacob De La Rose in Wolfpack zone.
0:45 of 1st period - Kevin Rooney is hit by Owen Tippet and loses puck.
1:27 of 1st period - Icing by Ryan Culkin.
1:28 of 1st period - Jacob De La Rose wins face-off versus Jake Marchment in Wolfpack zone.
1:31 of 1st period - Snap shot by Zemgus Girgensons.
1:31 of 1st period - Shot Hit the Post.
1:33 of 1st period - Slapshot by Dmitry Sinitsyn.
1:33 of 1st period - Stopped by Ivan Fedotov without a rebound.
1:34 of 1st period - Jacob De La Rose wins face-off versus Jake Marchment in Wolfpack zone.
1:47 of 1st period - Slapshot by Derrick Pouliot.
1:47 of 1st period - Shot Misses the Net.
2:07 of 1st period - Slapshot by Zemgus Girgensons.
2:07 of 1st period - Goal by Zemgus Girgensons - Senators : 1 - Wolfpack : 0.
2:08 of 1st period - Oliver Bjorkstrand wins face-off versus David Pope in neutral zone.
2:11 of 1st period - Snap shot by Oliver Bjorkstrand.
2:11 of 1st period - Stopped by Ivan Fedotov with a rebound.
2:13 of 1st period - Wrist shot by Christoph Bertschy.
2:13 of 1st period - Stopped by Ivan Fedotov without a rebound.
2:14 of 1st period - Christoph Bertschy wins face-off versus Seth Griffith in Wolfpack zone.
2:25 of 1st period - Wrist shot by Oliver Bjorkstrand.
2:25 of 1st period - Shot Misses the Net.
2:41 of 1st period - Wrist shot by Kevin Rooney.
2:41 of 1st period - Stopped by Ivan Fedotov without a rebound.
2:42 of 1st period - Kevin Rooney wins face-off versus Casey Mittelstadt in Wolfpack zone.
2:55 of 1st period - Backhand shot by Kevin Rooney.
2:55 of 1st period - Stopped by Ivan Fedotov with a rebound.
2:58 of 1st period - Icing by Vince Dunn.
2:59 of 1st period - Michael McCarron wins face-off versus Casey Mittelstadt in Wolfpack zone.
3:51 of 1st period - Owen Tippet is hit by Jacob De La Rose.
4:01 of 1st period - Snap shot by Dryden Hunt.
4:01 of 1st period - Stopped by Garret Sparks without a rebound.
4:02 of 1st period - Seth Griffith wins face-off versus Christoph Bertschy in Senators zone.
4:03 of 1st period - Wrist shot by David Pope.
4:03 of 1st period - Stopped by Garret Sparks without a rebound.
4:04 of 1st period - Seth Griffith wins face-off versus Christoph Bertschy in Senators zone.
4:05 of 1st period - Snap shot by David Pope.
4:05 of 1st period - Stopped by Garret Sparks with a rebound.
4:42 of 1st period - Icing by Christoph Bertschy.
4:43 of 1st period - Christoph Bertschy wins face-off versus Nolan Patrick in Senators zone.
4:56 of 1st period - Wrist shot by Zachary Sanford.
4:56 of 1st period - Shot Blocked by Derrick Pouliot.
4:58 of 1st period - Slapshot by Keegan Lowe.
4:58 of 1st period - Shot Misses the Net.
5:00 of 1st period - Wrist shot by Oliver Bjorkstrand.
5:00 of 1st period - Shot Blocked by Steven Santini.
5:08 of 1st period - Wrist shot by Oliver Bjorkstrand.
5:08 of 1st period - Stopped by Ivan Fedotov without a rebound.
5:09 of 1st period - Jacob De La Rose wins face-off versus Casey Mittelstadt in Wolfpack zone.
5:36 of 1st period - Mikhail Sergachev is hit by Kevin Rooney and loses puck.
5:43 of 1st period - Wrist shot by David Pope.
5:43 of 1st period - Shot Misses the Net.
6:11 of 1st period - Ryan Culkin is hit by C.J Suess and loses puck.
6:28 of 1st period - Wrist shot by Alexander Barabanov.
6:28 of 1st period - Shot Hit the Post.
6:30 of 1st period - Slapshot by Vince Dunn.
6:30 of 1st period - Stopped by Garret Sparks without a rebound.
6:31 of 1st period - Seth Griffith wins face-off versus Kevin Rooney in Senators zone.
6:58 of 1st period - Vince Dunn is hit by Grant Besse.
7:06 of 1st period - Snap shot by Zemgus Girgensons.
7:06 of 1st period - Shot Misses the Net.
7:36 of 1st period - Mason Geertsen is hit by Alexander Barabanov.
7:44 of 1st period - Slapshot by Steven Santini.
7:44 of 1st period - Stopped by Garret Sparks with a rebound.
7:46 of 1st period - Slapshot by Derrick Pouliot.
7:46 of 1st period - Shot Blocked by Mason Geertsen.
7:48 of 1st period - Slapshot by Linus Sandin.
7:48 of 1st period - Shot Misses the Net.
8:00 of 1st period - Seth Griffith is hit by C.J Suess and loses puck.
8:17 of 1st period - Wrist shot by Grant Besse.
8:17 of 1st period - Stopped by Ivan Fedotov with a rebound.
8:19 of 1st period - Slapshot by Jonas Siegenthaler.
8:19 of 1st period - Shot Misses the Net.
8:41 of 1st period - Minor Penalty to Connor Chatam for Holding.
8:42 of 1st period - Christoph Bertschy wins face-off versus Seth Griffith in Wolfpack zone.
8:53 of 1st period - Wrist shot by Zachary Sanford.
8:53 of 1st period - Shot Blocked by David Pope.
8:55 of 1st period - Wrist shot by Christoph Bertschy.
8:55 of 1st period - Shot Misses the Net.
9:20 of 1st period - Slapshot by Samuel Blais.
9:20 of 1st period - Stopped by Garret Sparks with a rebound.
10:41 of 1st period - Penalty to Connor Chatam is over, Connor Chatam is back on ice.
10:49 of 1st period - Kevin Rooney is hit by Jake Marchment and loses puck.
10:56 of 1st period - Wrist shot by Alexander Barabanov.
10:56 of 1st period - Shot Blocked by Brendan Perlini.
12:20 of 1st period - Snap shot by Vince Dunn.
12:20 of 1st period - Stopped by Garret Sparks with a rebound.
13:57 of 1st period - Oliver Bjorkstrand is hit by Alexander Barabanov and loses puck.
14:10 of 1st period - Snap shot by Zemgus Girgensons.
14:10 of 1st period - Stopped by Ivan Fedotov with a rebound.
15:36 of 1st period - Slapshot by David Pope.
15:36 of 1st period - Stopped by Garret Sparks without a rebound.
15:37 of 1st period - Seth Griffith wins face-off versus Christoph Bertschy in Senators zone.
15:42 of 1st period - Slapshot by Seth Griffith.
15:42 of 1st period - Stopped by Garret Sparks without a rebound.
15:43 of 1st period - Christoph Bertschy wins face-off versus Seth Griffith in Senators zone.
15:52 of 1st period - Snap shot by Zachary Sanford.
15:52 of 1st period - Shot Misses the Net.
16:33 of 1st period - Icing by Vince Dunn.
16:34 of 1st period - Nolan Patrick wins face-off versus Kevin Rooney in Wolfpack zone.
16:51 of 1st period - Snap shot by Kevin Rooney.
16:51 of 1st period - Deflect By Brendan Perlini.
16:51 of 1st period - Shot Misses the Net.
16:51 of 1st period - Puck is out of play.
16:52 of 1st period - Seth Griffith wins face-off versus Christoph Bertschy in Wolfpack zone.
17:01 of 1st period - Christoph Bertschy is hit by Derrick Pouliot and loses puck.
18:19 of 1st period - Jake Marchment is hit by Jordan Schmaltz and loses puck.
18:26 of 1st period - Jordan Schmaltz is hit by Mikhail Sergachev and loses puck.
18:47 of 1st period - Snap shot by Connor Chatam.
18:47 of 1st period - Stopped by Garret Sparks with a rebound.
18:49 of 1st period - Snap shot by Samuel Blais.
18:49 of 1st period - Stopped by Garret Sparks without a rebound.
18:50 of 1st period - Seth Griffith wins face-off versus Jacob De La Rose in Senators zone.
19:01 of 1st period - Snap shot by Grant Besse.
19:01 of 1st period - Shot Misses the Net.
19:03 of 1st period - Wrist shot by Jacob De La Rose.
19:03 of 1st period - Stopped by Ivan Fedotov with a rebound.
19:05 of 1st period - Slapshot by Mason Geertsen.
19:05 of 1st period - Shot Misses the Net.
19:17 of 1st period - Kevin Rooney is hit by Casey Mittelstadt and loses puck.
19:22 of 1st period - Snap shot by Connor Chatam.
19:22 of 1st period - Stopped by Garret Sparks with a rebound.
19:32 of 1st period - Minor Penalty to Arttu Ruotsalainen for Interference.
19:33 of 1st period - Christoph Bertschy wins face-off versus Seth Griffith in Senators zone.
Goals for this period are 1 for Senators vs 0 for Wolfpack.
Shots for this period are 13 for Senators vs 12 for Wolfpack.
2nd period
0:01 of 2nd period - Seth Griffith wins face-off versus Christoph Bertschy in neutral zone.
0:04 of 2nd period - Snap shot by Derrick Pouliot.
0:04 of 2nd period - Shot Misses the Net.
0:06 of 2nd period - Slapshot by Derrick Pouliot.
0:06 of 2nd period - Stopped by Garret Sparks without a rebound.
0:07 of 2nd period - Seth Griffith wins face-off versus Christoph Bertschy in Senators zone.
0:12 of 2nd period - Backhand shot by David Pope.
0:12 of 2nd period - Shot Misses the Net.
1:12 of 2nd period - Jacob De La Rose is hit by Casey Mittelstadt and loses puck.
1:32 of 2nd period - Penalty to Arttu Ruotsalainen is over, Arttu Ruotsalainen is back on ice.
1:38 of 2nd period - Off-side.
1:39 of 2nd period - Nolan Patrick wins face-off versus Michael McCarron in neutral zone.
2:04 of 2nd period - Ryan Culkin is hit by Zemgus Girgensons and loses puck.
2:09 of 2nd period - Wrist shot by Grant Besse.
2:09 of 2nd period - Goal by Grant Besse - Senators : 2 - Wolfpack : 0.
2:10 of 2nd period - Seth Griffith wins face-off versus Christoph Bertschy in neutral zone.
2:38 of 2nd period - Minor Penalty to Connor Chatam for Hooking.
2:39 of 2nd period - Seth Griffith wins face-off versus Christoph Bertschy in Wolfpack zone.
4:38 of 2nd period - Penalty to Connor Chatam is over, Connor Chatam is back on ice.
4:46 of 2nd period - Off-side.
4:47 of 2nd period - Nolan Patrick wins face-off versus Brendan Perlini in neutral zone.
5:22 of 2nd period - Snap shot by C.J Suess.
5:22 of 2nd period - Stopped by Ivan Fedotov with a rebound.
5:24 of 2nd period - Slapshot by Keegan Lowe.
5:24 of 2nd period - Deflect By Connor Chatam.
5:24 of 2nd period - Stopped by Ivan Fedotov without a rebound.
5:25 of 2nd period - Christoph Bertschy wins face-off versus Sebastian Collberg in Wolfpack zone.
5:40 of 2nd period - Slapshot by Zachary Sanford.
5:40 of 2nd period - Stopped by Ivan Fedotov with a rebound.
5:42 of 2nd period - Wrist shot by Christoph Bertschy.
5:42 of 2nd period - Stopped by Ivan Fedotov with a rebound.
6:14 of 2nd period - Slapshot by Dmitry Sinitsyn.
6:14 of 2nd period - Shot Blocked by Steven Santini.
6:18 of 2nd period - Slapshot by Dmitry Sinitsyn.
6:18 of 2nd period - Stopped by Ivan Fedotov without a rebound.
6:19 of 2nd period - Kevin Rooney wins face-off versus Sebastian Collberg in Wolfpack zone.
6:20 of 2nd period - Wrist shot by Brendan Perlini.
6:20 of 2nd period - Stopped by Ivan Fedotov with a rebound.
6:54 of 2nd period - Minor Penalty to Mason Geertsen for High sticking.
6:55 of 2nd period - Sebastian Collberg wins face-off versus Christoph Bertschy in Senators zone.
8:45 of 2nd period - Brendan Perlini is hit by Dryden Hunt.
8:49 of 2nd period - Dmitry Sinitsyn is hit by Owen Tippet and loses puck.
8:54 of 2nd period - Penalty to Mason Geertsen is over, Mason Geertsen is back on ice.
8:58 of 2nd period - Wrist shot by Dryden Hunt.
8:58 of 2nd period - Stopped by Garret Sparks with a rebound.
9:08 of 2nd period - Slapshot by Jordan Schmaltz.
9:08 of 2nd period - Shot Blocked by Colton White.
9:47 of 2nd period - Mikhail Sergachev is hit by Mason Geertsen and loses puck.
10:13 of 2nd period - Nikita Nesterov is hit by Alexander Barabanov and loses puck.
10:27 of 2nd period - Icing by Keegan Lowe.
10:28 of 2nd period - Casey Mittelstadt wins face-off versus Michael McCarron in Senators zone.
10:39 of 2nd period - Wrist shot by Michael McCarron.
10:39 of 2nd period - Shot Misses the Net.
10:41 of 2nd period - Snap shot by C.J Suess.
10:41 of 2nd period - Stopped by Ivan Fedotov without a rebound.
10:42 of 2nd period - Casey Mittelstadt wins face-off versus Jacob De La Rose in Wolfpack zone.
10:47 of 2nd period - Grant Besse is hit by Samuel Blais and loses puck.
11:27 of 2nd period - Arttu Ruotsalainen is hit by Sebastian Collberg and loses puck.
12:02 of 2nd period - Vince Dunn is hit by Jacob De La Rose and loses puck.
12:17 of 2nd period - Snap shot by Samuel Blais.
12:17 of 2nd period - Stopped by Garret Sparks with a rebound.
12:19 of 2nd period - Slapshot by Vince Dunn.
12:19 of 2nd period - Shot Misses the Net.
12:50 of 2nd period - Brendan Perlini is hit by Derrick Pouliot and loses puck.
13:03 of 2nd period - Snap shot by Nolan Patrick.
13:03 of 2nd period - Shot Hit the Post.
13:05 of 2nd period - Snap shot by Dryden Hunt.
13:05 of 2nd period - Shot Blocked by Jacob De La Rose.
13:07 of 2nd period - Snap shot by Nolan Patrick.
13:07 of 2nd period - Shot Misses the Net.
13:09 of 2nd period - Snap shot by Owen Tippet.
13:09 of 2nd period - Shot Blocked by Zemgus Girgensons.
13:21 of 2nd period - Vince Dunn is hit by Zachary Sanford and loses puck.
13:58 of 2nd period - Snap shot by Jake Marchment.
13:58 of 2nd period - Shot Blocked by Jacob De La Rose.
14:00 of 2nd period - Wrist shot by Linus Sandin.
14:00 of 2nd period - Stopped by Garret Sparks with a rebound.
14:02 of 2nd period - Snap shot by Linus Sandin.
14:02 of 2nd period - Stopped by Garret Sparks without a rebound.
14:03 of 2nd period - Casey Mittelstadt wins face-off versus Christoph Bertschy in Senators zone.
14:17 of 2nd period - Off-side.
14:18 of 2nd period - Jacob De La Rose wins face-off versus Sebastian Collberg in neutral zone.
14:23 of 2nd period - Snap shot by Zemgus Girgensons.
14:23 of 2nd period - Deflect By Grant Besse.
14:23 of 2nd period - Shot Blocked by Steven Santini.
14:23 of 2nd period - Puck is out of play.
14:24 of 2nd period - Jacob De La Rose wins face-off versus David Pope in Wolfpack zone.
14:38 of 2nd period - Minor Penalty to Zemgus Girgensons for Hooking.
14:39 of 2nd period - Seth Griffith wins face-off versus Christoph Bertschy in Senators zone.
15:49 of 2nd period - Connor Chatam is hit by Jacob De La Rose and loses puck.
16:38 of 2nd period - Penalty to Zemgus Girgensons is over, Zemgus Girgensons is back on ice.
17:45 of 2nd period - Oliver Bjorkstrand is hit by Dryden Hunt and loses puck.
18:11 of 2nd period - Zemgus Girgensons is hit by Steven Santini and loses puck.
18:24 of 2nd period - David Pope is hit by Zachary Sanford and loses puck.
19:08 of 2nd period - Kevin Rooney is hit by Nolan Patrick and loses puck.
19:27 of 2nd period - Jacob De La Rose is hit by Connor Chatam and loses puck.
19:40 of 2nd period - Keegan Lowe is hit by Ryan Culkin and loses puck.
Goals for this period are 1 for Senators vs 0 for Wolfpack.
Shots for this period are 8 for Senators vs 5 for Wolfpack.
3rd period
0:01 of 3rd period - Seth Griffith wins face-off versus Christoph Bertschy in neutral zone.
0:10 of 3rd period - Snap shot by Seth Griffith.
0:10 of 3rd period - Goal by Seth Griffith - Senators : 2 - Wolfpack : 1.
0:11 of 3rd period - Christoph Bertschy wins face-off versus Seth Griffith in neutral zone.
0:20 of 3rd period - Snap shot by Zachary Sanford.
0:20 of 3rd period - Shot Misses the Net.
0:22 of 3rd period - Slapshot by Christoph Bertschy.
0:22 of 3rd period - Shot Blocked by Sebastian Collberg.
0:24 of 3rd period - Snap shot by Oliver Bjorkstrand.
0:24 of 3rd period - Stopped by Ivan Fedotov without a rebound.
0:25 of 3rd period - Seth Griffith wins face-off versus Christoph Bertschy in Wolfpack zone.
0:52 of 3rd period - Jacob De La Rose is hit by Derrick Pouliot and loses puck.
1:03 of 3rd period - Snap shot by Connor Chatam.
1:03 of 3rd period - Stopped by Garret Sparks with a rebound.
1:17 of 3rd period - Snap shot by Samuel Blais.
1:17 of 3rd period - Stopped by Garret Sparks with a rebound.
1:36 of 3rd period - Off-side.
1:37 of 3rd period - Christoph Bertschy wins face-off versus Jake Marchment in neutral zone.
1:42 of 3rd period - Wrist shot by Zachary Sanford.
1:42 of 3rd period - Stopped by Ivan Fedotov without a rebound.
1:43 of 3rd period - Seth Griffith wins face-off versus Christoph Bertschy in Wolfpack zone.
1:50 of 3rd period - Snap shot by David Pope.
1:50 of 3rd period - Shot Blocked by Zachary Sanford.
1:58 of 3rd period - Wrist shot by David Pope.
1:58 of 3rd period - Stopped by Garret Sparks with a rebound.
2:12 of 3rd period - Slapshot by Grant Besse.
2:12 of 3rd period - Deflect By Zemgus Girgensons.
2:12 of 3rd period - Shot Misses the Net.
2:12 of 3rd period - Puck is out of play.
2:13 of 3rd period - Jacob De La Rose wins face-off versus Casey Mittelstadt in Wolfpack zone.
2:18 of 3rd period - Snap shot by Zemgus Girgensons.
2:18 of 3rd period - Shot Misses the Net.
2:38 of 3rd period - David Pope is hit by Dmitry Sinitsyn and loses puck.
3:00 of 3rd period - Off-side.
3:01 of 3rd period - Nolan Patrick wins face-off versus Kevin Rooney in neutral zone.
3:04 of 3rd period - Slapshot by Mikhail Sergachev.
3:04 of 3rd period - Shot Blocked by Nikita Nesterov.
3:22 of 3rd period - Slapshot by Vince Dunn.
3:22 of 3rd period - Stopped by Garret Sparks without a rebound.
3:23 of 3rd period - Christoph Bertschy wins face-off versus Seth Griffith in Senators zone.
3:40 of 3rd period - Derrick Pouliot is hit by Christoph Bertschy and loses puck.
3:53 of 3rd period - Slapshot by Dmitry Sinitsyn.
3:53 of 3rd period - Stopped by Ivan Fedotov with a rebound.
4:21 of 3rd period - Slapshot by Nikita Nesterov.
4:21 of 3rd period - Shot Blocked by Mikhail Sergachev.
4:41 of 3rd period - Michael McCarron is hit by Mikhail Sergachev and loses puck.
5:24 of 3rd period - Icing by Christoph Bertschy.
5:25 of 3rd period - Seth Griffith wins face-off versus Christoph Bertschy in Senators zone.
5:32 of 3rd period - Wrist shot by Sebastian Collberg.
5:32 of 3rd period - Shot Misses the Net.
5:34 of 3rd period - Snap shot by Sebastian Collberg.
5:34 of 3rd period - Stopped by Garret Sparks with a rebound.
6:12 of 3rd period - Wrist shot by Kevin Rooney.
6:12 of 3rd period - Stopped by Ivan Fedotov without a rebound.
6:13 of 3rd period - Seth Griffith wins face-off versus Kevin Rooney in Wolfpack zone.
6:25 of 3rd period - Wrist shot by Kevin Rooney.
6:25 of 3rd period - Shot Blocked by Ryan Culkin.
6:27 of 3rd period - Slapshot by Kevin Rooney.
6:27 of 3rd period - Stopped by Ivan Fedotov with a rebound.
6:29 of 3rd period - Snap shot by Arttu Ruotsalainen.
6:29 of 3rd period - Shot Blocked by Sebastian Collberg.
6:47 of 3rd period - Ryan Culkin is hit by Grant Besse and loses puck.
7:04 of 3rd period - Snap shot by Zachary Sanford.
7:04 of 3rd period - Stopped by Ivan Fedotov without a rebound.
7:05 of 3rd period - Christoph Bertschy wins face-off versus Seth Griffith in Wolfpack zone.
7:12 of 3rd period - Wrist shot by Christoph Bertschy.
7:12 of 3rd period - Shot Blocked by Sebastian Collberg.
7:14 of 3rd period - Snap shot by Dmitry Sinitsyn.
7:14 of 3rd period - Deflect By Oliver Bjorkstrand.
7:14 of 3rd period - Stopped by Ivan Fedotov without a rebound.
7:15 of 3rd period - Seth Griffith wins face-off versus Christoph Bertschy in Wolfpack zone.
7:15 of 3rd period - Seth Griffith is hit by Christoph Bertschy.
7:20 of 3rd period - Off-side.
7:21 of 3rd period - Seth Griffith wins face-off versus Christoph Bertschy in neutral zone.
8:47 of 3rd period - Grant Besse is hit by Linus Sandin and loses puck.
9:10 of 3rd period - Jonas Siegenthaler is hit by Casey Mittelstadt and loses puck.
9:22 of 3rd period - Off-side.
9:23 of 3rd period - Nolan Patrick wins face-off versus Kevin Rooney in neutral zone.
9:27 of 3rd period - Derrick Pouliot is hit by Kevin Rooney and loses puck.
9:38 of 3rd period - Keegan Lowe is hit by Dryden Hunt and loses puck.
9:57 of 3rd period - Wrist shot by Brendan Perlini.
9:57 of 3rd period - Stopped by Ivan Fedotov with a rebound.
10:07 of 3rd period - Slapshot by Derrick Pouliot.
10:07 of 3rd period - Stopped by Garret Sparks with a rebound.
10:09 of 3rd period - Snap shot by Nolan Patrick.
10:09 of 3rd period - Wolfpack goal is going for a video replay.
10:09 of 3rd period - The goal is refused. The goalkeeper has been pushed into the net together with the puck after making a save..
10:10 of 3rd period - Seth Griffith wins face-off versus Christoph Bertschy in Senators zone.
10:13 of 3rd period - Snap shot by Sebastian Collberg.
10:13 of 3rd period - Shot Blocked by Christoph Bertschy.
10:15 of 3rd period - Wrist shot by David Pope.
10:15 of 3rd period - Shot Blocked by Oliver Bjorkstrand.
10:17 of 3rd period - Wrist shot by David Pope.
10:17 of 3rd period - Shot Blocked by Christoph Bertschy.
10:19 of 3rd period - Snap shot by Seth Griffith.
10:19 of 3rd period - Stopped by Garret Sparks with a rebound.
10:21 of 3rd period - Snap shot by Seth Griffith.
10:21 of 3rd period - Shot Misses the Net.
10:23 of 3rd period - Snap shot by Sebastian Collberg.
10:23 of 3rd period - Stopped by Garret Sparks without a rebound.
10:24 of 3rd period - Christoph Bertschy wins face-off versus Seth Griffith in Senators zone.
10:24 of 3rd period - Christoph Bertschy is hit by David Pope.
10:36 of 3rd period - Slapshot by Christoph Bertschy.
10:36 of 3rd period - Deflect By Oliver Bjorkstrand.
10:36 of 3rd period - Shot Blocked by Vince Dunn.
10:36 of 3rd period - Puck is out of play.
10:37 of 3rd period - Christoph Bertschy wins face-off versus Seth Griffith in Wolfpack zone.
10:50 of 3rd period - Wrist shot by Zachary Sanford.
10:50 of 3rd period - Stopped by Ivan Fedotov without a rebound.
10:51 of 3rd period - Christoph Bertschy wins face-off versus Seth Griffith in Wolfpack zone.
11:02 of 3rd period - Slapshot by Sebastian Collberg.
11:02 of 3rd period - Stopped by Garret Sparks with a rebound.
11:04 of 3rd period - Slapshot by Derrick Pouliot.
11:04 of 3rd period - Shot Blocked by Jordan Schmaltz.
11:26 of 3rd period - Slapshot by Dmitry Sinitsyn.
11:26 of 3rd period - Shot Misses the Net.
11:34 of 3rd period - Minor Penalty to Connor Chatam for Diving.
11:35 of 3rd period - Seth Griffith wins face-off versus Christoph Bertschy in Wolfpack zone.
11:52 of 3rd period - Slapshot by Christoph Bertschy.
11:52 of 3rd period - Shot Blocked by David Pope.
12:10 of 3rd period - Mikhail Sergachev is hit by Dmitry Sinitsyn and loses puck.
12:39 of 3rd period - Snap shot by Steven Santini.
12:39 of 3rd period - Shot Misses the Net.
12:41 of 3rd period - Snap shot by Dryden Hunt.
12:41 of 3rd period - Goal by Dryden Hunt - Senators : 2 - Wolfpack : 2.
12:42 of 3rd period - Christoph Bertschy wins face-off versus Seth Griffith in neutral zone.
12:45 of 3rd period - Slapshot by Jordan Schmaltz.
12:45 of 3rd period - Stopped by Ivan Fedotov without a rebound.
12:46 of 3rd period - Seth Griffith wins face-off versus Christoph Bertschy in Wolfpack zone.
12:46 of 3rd period - Seth Griffith is hit by Zachary Sanford.
13:34 of 3rd period - Penalty to Connor Chatam is over, Connor Chatam is back on ice.
13:50 of 3rd period - Slapshot by Seth Griffith.
13:50 of 3rd period - Stopped by Garret Sparks without a rebound.
13:51 of 3rd period - Jacob De La Rose wins face-off versus Casey Mittelstadt in Senators zone.
14:00 of 3rd period - Jacob De La Rose is hit by Samuel Blais and loses puck.
16:01 of 3rd period - Keegan Lowe is hit by Vince Dunn and loses puck.
16:08 of 3rd period - Snap shot by Samuel Blais.
16:08 of 3rd period - Shot Blocked by Nikita Nesterov.
16:33 of 3rd period - Christoph Bertschy is hit by Jake Marchment and loses puck.
17:51 of 3rd period - Slapshot by Linus Sandin.
17:51 of 3rd period - Stopped by Garret Sparks with a rebound.
18:32 of 3rd period - Brendan Perlini is hit by Dryden Hunt and loses puck.
18:39 of 3rd period - Slapshot by Steven Santini.
18:39 of 3rd period - Stopped by Garret Sparks without a rebound.
18:40 of 3rd period - Jacob De La Rose wins face-off versus Seth Griffith in Senators zone.
Goals for this period are 0 for Senators vs 2 for Wolfpack.
Shots for this period are 10 for Senators vs 15 for Wolfpack.
Overtime #1
0:01 of 1st overtime period - Seth Griffith wins face-off versus Christoph Bertschy in neutral zone.
0:08 of 1st overtime period - Wrist shot by Seth Griffith.
0:08 of 1st overtime period - Deflect By David Pope.
0:08 of 1st overtime period - Deflect By Jordan Schmaltz.
0:08 of 1st overtime period - Stopped by Garret Sparks with a rebound.
0:42 of 1st overtime period - Slapshot by Vince Dunn.
0:42 of 1st overtime period - Deflect By Samuel Blais.
0:42 of 1st overtime period - Stopped by Garret Sparks without a rebound.
0:43 of 1st overtime period - Brendan Perlini wins face-off versus Casey Mittelstadt in Senators zone.
1:00 of 1st overtime period - Brendan Perlini is hit by Derrick Pouliot and loses puck.
1:07 of 1st overtime period - Wrist shot by Samuel Blais.
1:07 of 1st overtime period - Goal by Samuel Blais - Senators : 2 - Wolfpack : 3.
Goals for this period are 0 for Senators vs 1 for Wolfpack.
Shots for this period are 0 for Senators vs 3 for Wolfpack.